 Dungeon Crawl Stone Soup version 0.28-a0-750-g7c675f85b1 (webtiles) character file.

Game seed: 11467685876252389012

84 ytrimaz the Chopper (level 4, -7/34 HPs)
             Began as a Demonspawn Gladiator on Oct 29, 2021.
             Killed by divine providence
             ... invoked by an orc priest
              (15 damage)
             ... on level 3 of the Dungeon.
             The game lasted 00:02:50 (2046 turns).

ytrimaz the Chopper (Demonspawn Gladiator)          Turns: 2046, Time: 00:02:51

Health: -7/34      AC:  8    Str: 15    XL:     4   Next: 24%
Magic:  4/4        EV: 13    Int: 10    God:
Gold:   69         SH:  5    Dex: 20    Spells: 3/3 levels left

rFire   . . .      SeeInvis .   a - +0 war axe
rCold   + . .      Faith    .   (no shield)
rNeg    . . .      Spirit   .   b - +0 leather armour
rPois   .          Reflect  +   c - +0 helmet
rElec   .          Harm     .   (no cloak)
rCorr   +          Rampage  .   (no gloves)
Will    .....                   (no boots)
Stlth   +.........              f - amulet of reflection
HPRegen 0.11/turn               h - +6 ring of dexterity
MPRegen 0.09/turn               g - ring of protection from cold

@: no status effects
A: yellow scales 3
a: no special abilities


You were on level 3 of the Dungeon.
You visited 1 branch of the dungeon, and saw 3 of its levels.

You collected 69 gold pieces.

Inventory:

Hand Weapons
 a - a +0 war axe (weapon)
Missiles
 d - 3 throwing nets (quivered)
Armour
 b - a +0 leather armour (worn)
 c - a +0 helmet (worn)
Jewellery
 f - an amulet of reflection (around neck)
 g - a ring of protection from cold (right hand)
 h - a +6 ring of dexterity (left hand)
 j - a +6 ring of dexterity
Potions
 e - a potion of haste {unknown}
 i - a potion of magic {unknown}


   Skills:
 * Level 2.6 Fighting
 + Level 3.3 Axes
 - Level 1.7 Throwing
 * Level 1.8 Armour
 + Level 3.1 Dodging


You had 3 spell levels left.
You didn't know any spells.
Your spell library contained the following spells:

 Spells                   Type           Power      Damage    Failure   Level
 Summon Small Mammal      Summ           0%         N/A       43%         1
 Call Canine Familiar     Summ           0%         N/A       80%         3
 Summon Guardian Golem    Hex/Summ       0%         N/A       80%         3


Dungeon Overview and Level Annotations

Branches:
Dungeon (3/15)

Altars:

Shops:
D:1 [   D:2 *   D:3 *


Innate Abilities, Weirdness & Mutations

You are completely covered in yellow scales. (AC +4, rCorr)


Message History

The orc priest looks encouraged for a moment.
The endoplasm freezes you.
You are frozen.
You resist.
You hit the endoplasm.
You kill the endoplasm!
The ball python completely misses you. The ball python closely misses you.
The orc priest begins to cast a cantrip, but forgets the words!
You hit the orc.
The orc is heavily wounded.
You hit the ball python.
You kill the ball python!
You hear the brisk rusting of a distant drain.
You block the orc's attack.
Unknown command.
You hit the orc priest.
The orc priest is lightly wounded.
You slash the orc!
You kill the orc!
The orc priest hits you with a +0 flail!
The orc priest closely misses you.
You slash the orc priest!
The orc priest is almost dead.
You completely miss the orc. The orc barely misses you.
The orc priest calls down the wrath of Beogh upon you.
Beogh smites you!
Ouch! That really hurt!
* * * LOW HITPOINT WARNING * * *
You hit the orc priest but do no damage.
The orc priest is almost dead.
You hit the orc. The orc misses you. You block the orc priest's attack.
The orc hits you but does no damage.
You barely miss the orc priest.
The orc priest is almost dead.
You slash the orc!
You kill the orc!
The orc priest calls down the wrath of Beogh upon you.
You barely resist.
The orc priest invokes the aid of Beogh against you.
Beogh smites you!
You die...

#.#.###..##.....#.#.
.#......##.....#.#.
.<......##.....#.#.
#.......##.....#.#.
#.......#..........
#.......#.......##.
#.......#.......##+
#)o###..#..........
##@###..######.#...
#..##..# #.#...
##.##..# #.#...
#.##..# #.#... #..#..#
#..... ##.#..# ######
#####....# #....
#..........#######.#.#
+........†....... #.#


You could see an orc priest.

Vanquished Creatures
  3 adders (D:2)
  A worm (D:2)
  2 dart slugs (D:1)
  5 orcs (D:3)
  6 ball pythons
  4 bats
  3 endoplasms
  2 giant cockroaches (D:1)
  2 goblins (D:1)
  2 hobgoblins
  2 jackals (D:2)
  4 quokkas
  4 frilled lizards (D:1)
  2 kobolds (D:2)
  5 rats
47 creatures vanquished.

Notes
Turn   | Place    | Note
-------+----------+-------------------------------------------
     0 | D:1      | ytrimaz the Demonspawn Gladiator began the quest for the
                  | Orb.
     0 | D:1      | Reached XP level 1. HP: 16/16 MP: 1/1
   318 | D:1      | Gained mutation: You are partially covered in yellow
                  | scales. (AC +2) [demonic ancestry]
   318 | D:1      | Reached XP level 2. HP: 19/22 MP: 2/2
   543 | D:1      | Reached skill level 1 in Armour
   631 | D:1      | Found Gualyp's Antique Armour Boutique.
   634 | D:1      | Gained mutation: You are mostly covered in yellow scales.
                  | (AC +3) [demonic ancestry]
   634 | D:1      | Reached XP level 3. HP: 28/28 MP: 3/3
  1594 | D:2      | Gained mutation: You are completely covered in yellow
                  | scales. (AC +4, rCorr) [demonic ancestry]
  1594 | D:2      | Reached XP level 4. HP: 31/34 MP: 4/4
  1656 | D:2      | Found Waostas's General Store.
  1845 | D:3      | Found Lounyics's Assorted Antiques.
  2046 | D:3      | Killed from afar by an orc priest

Illustrated notes

Levels and vault maps discovered:
D:1:      matt_arrival_refuge, layout_rooms, serial_shops, shop
D:2:      layout_rooms, serial_shops, shop, chequers_serial_rivers_small_a
D:3:      layout_basic, portal_sewer_entry_a, serial_shops,
          nicolae_shop_behind_doors, gammafunk_ghost_smash, minmay_statues_item

Skill      XL: |  1  2 |
---------------+-------+-----
Axes           | 3 |  3.3
Dodging        | 3 |  3.1
Armour         | 1 |  1.8
Fighting       | |  2.6
Throwing       | |  1.7

Action                   |  1- 3 |  4- 6 || total
-------------------------+-------+-------++-------
Melee: War axe           |    80 |    28 ||   108
Throw: Throwing net      |     1 |       ||     1
  Use: Scroll            |     3 |     1 ||     4
 Stab: Sleeping          |     1 |       ||     1
Armor: Leather armour    |    29 |    12 ||    41
Dodge: Dodged            |    62 |    20 ||    82
Block: Other             |    14 |    10 ||    24

Table legend: (Time is in decaauts)
 A = Elapsed time spent in this place.
 B = Non-inter-level travel time spent in this place.
 C = Inter-level travel time spent in this place.
 D = Time resting spent in this place.
 E = Time spent auto-exploring this place.
 F = Levels seen in this place.
 G = Mean time per level.
                   A        B        C        D        E       F      G
               +--------+--------+--------+--------+--------+-----+--------+
         Total |   2083 |   2038 |     45 |    582 |   1039 |   3 |  694.3 |
       Dungeon |   2083 |   2038 |     45 |    582 |   1039 |   3 |  694.3 |
               +--------+--------+--------+--------+--------+-----+--------+

Top non-repeatable levels by time:
     D:2: 987 daAuts
     D:1: 787 daAuts
     D:3: 307 daAuts
